 Dungeon Crawl Stone Soup version 0.18-a0-937-g1af3f5e (webtiles) character file.

16 Arkorax the Caller (level 2, 0/15 HPs)
             Began as a Kobold Summoner on Dec 28, 2015.
             Slain by a giant gecko (3 damage)
             ... on level 2 of the Dungeon.
             The game lasted 00:02:12 (758 turns).

Arkorax the Caller (Kobold Summoner)                 Turns: 758, Time: 00:02:12

Health: 0/15       AC:  3    Str:  6    XL:     2   Next: 75%
Magic:  3/5        EV: 15    Int: 13    God:
Gold:   59         SH:  0    Dex: 16    Spells: 2 memorised, 2 levels left

rFire  . . .     SeeInvis .     g - +0 dagger
rCold  . . .     Gourm    .     a - +0 robe
rNeg   . . .     Faith    .     (shield restricted)
rPois  .         Spirit   .     (no helmet)
rElec  .         Dismiss  .     (no cloak)
rCorr  .         Reflect  .     l - +0 pair of gloves
SustAt .         Harm     .     (no boots)
MR     .....                    (no amulet)
Stlth  ++........               (no ring)
                                (no ring)

@: not resistant to hostile enchantments, unstealthy
A: carnivore 3
a: no special abilities


You were on level 2 of the Dungeon.
You were not hungry.

You visited 1 branch of the dungeon, and saw 2 of its levels.

You collected 59 gold pieces.

Inventory:

Hand Weapons
 g - a +0 dagger (weapon)
Armour
 a - a +0 robe (worn)
 l - a +0 pair of gloves (worn)
Scrolls
 d - a scroll of enchant weapon {unknown}
 i - a scroll of fog {unknown}
 k - a scroll of random uselessness {unknown}
 m - a scroll of identify {unknown}
Potions
 e - 2 potions of lignification {unknown}
 f - a potion of curing {unknown}
 h - 2 potions of mutation {unknown}
Books
 b - a book of Callings

   Spells                             Type                      Level
   a - Summon Small Mammal            Summoning                    1
   b - Call Imp                       Summoning                    2
   c - Call Canine Familiar           Summoning                    3
   d - Summon Guardian Golem          Hexes/Summoning              3
   e - Summon Lightning Spire         Summoning/Air                4
   f - Summon Ice Beast               Ice/Summoning                4
Comestibles
 c - a meat ration
 j - a slice of pizza


   Skills:
 - Level 2.4 Dodging
 - Level 2.6 Stealth
 + Level 2.3 Spellcasting
 + Level 4.4 Summonings


You had 2 spell levels left.
You knew the following spells:

 Your Spells              Type           Power        Failure   Level  Hunger
a - Summon Small Mammal   Summ           ##..         4%          1    #......
b - Call Imp              Summ           ##......     8%          2    ###....


Dungeon Overview and Level Annotations

Branches:
Dungeon (2/15)

Altars:


Innate Abilities, Weirdness & Mutations

You are small and have problems with some larger weapons.
You are carnivorous and can eat meat at any time.


Message History

You miss the giant gecko. The giant gecko barely misses you.
The giant gecko closely misses you.
You hit the giant gecko.
The giant gecko is heavily wounded.
The giant gecko bites you.
You closely miss the giant gecko.
The giant gecko is heavily wounded.
The giant gecko bites you but does no damage.
You completely miss the giant gecko.
The giant gecko is heavily wounded.
The giant gecko bites you but does no damage.
You completely miss the giant gecko.
The giant gecko is heavily wounded.
The giant gecko bites you.
* * * LOW HITPOINT WARNING * * *
Casting: Call Imp
Confirm with . or Enter, or press ? or * to list all spells.
A beastly little devil appears in a puff of frigid air.
The giant gecko misses you. The giant gecko bites you.
You die...

## ###### #. #....## #.
##'##..## #.
##...##..## #.
##..$..##..#########.
#.8..58.##.†.†....†..
##.#.....#.##.###.####.
#...8.@.8...#.# #.# ##
+?....l.....+.# #.#
#...8...8...### #.#
##(#.....#.## ?..
##.8...8.## #.#
##.....## ... ##...##
##+##


You could see a giant gecko and a friendly white imp.

Vanquished Creatures
  2 goblins (D:1)
  A hobgoblin (D:1)
  2 kobolds (D:1)
  A bat (D:1)
  3 giant newts (D:1)
  A rat (D:1)
10 creatures vanquished.

Vanquished Creatures (collateral kills)
  A giant cockroach (D:1)
  4 jackals (D:2)
  A goblin (D:1)
  4 rats
10 creatures vanquished.

Grand Total: 20 creatures vanquished

Notes
Turn   | Place    | Note
--------------------------------------------------------------
     0 | D:1      | Arkorax the Kobold Summoner began the quest for the Orb.
     0 | D:1      | Reached XP level 1. HP: 10/10 MP: 3/3
   210 | D:1      | Reached XP level 2. HP: 9/15 MP: 5/5
   560 | D:2      | Learned a level 2 spell: Call Imp
   758 | D:2      | Slain by a giant gecko

Vault maps used:
D:1:      lightli_arrival_statue_moat
D:2:      dk_noncrumbling_3, grunt_ministairs_3, minmay_splitting_lines

Action                   || total
-------------------------++-------
Melee: Dagger            ||    63
       Unarmed           ||     2
 Cast: Summon Small Mamm ||    12
       Call Imp          ||     4
 Stab: Sleeping          ||     2
  Eat: Chunk             ||     1
